cohdb
Replays
Latest Replays
All Replays
Popular Replays
Top Player Replays
Match Explorer
How It Works
Community
CoH3 Stats
Reddit
Sign in to upload your games and track your stats! →
Sign in with Steam
Match 43684257
Unlisted
Match 43684257
Overview
Messages
Build Orders
End
Construct Infanterie Kompanie
Kettenkrad Recon Vehicle
MG 42 Machine Gun Team
Selects Breakthrough Battlegroup
Selects Assault Grenadiers
Grenadier Squad
Grenadier Squad
Medical Station
GrW 34 Mortar Team
Construct Luftwaffe Kompanie
Construct Panzergrenadier Kompanie
Jäger Squad
Selects Rapid Production
Support Elements
251 Medium Carrier
Jäger Squad
Selects Breakthrough
Selects Incendiary Bombing Run
Pak 40 Anti-tank Gun Team
StuG III G Assault Gun
Incendiary Bombing Run
Wirbelwind Flakpanzer
Selects Blitzkrieg
Incendiary Bombing Run
Nebelwerfer 42 Rocket Launcher Team
Incendiary Bombing Run
Incendiary Bombing Run
Grenadier Squad
Pioneer Squad
Leeenfield1908
Base rush noobs #
VenuM
FarbKanne
killall
Ayre97
0
0
Comments
sign in to comment!
No comments posted yet!